 Dungeon Crawl Stone Soup version 0.19.4-8-ga85b6b9 (webtiles) character file.

59 JNO the Shooter (level 3, -7/25 HPs)
             Began as a High Elf Hunter on Feb 8, 2017.
             Killed from afar by Sigmund (12 damage)
             ... with a wand of flame
             ... on level 2 of the Dungeon.
             The game lasted 00:11:57 (2469 turns).

JNO the Shooter (High Elf Hunter)                   Turns: 2469, Time: 00:11:58

Health: -7/25      AC:  4    Str: 11    XL:     3   Next: 78%
Magic:  4/4        EV: 13    Int: 15    God:
Gold:   128        SH:  0    Dex: 16    Spells: 0 memorised, 2 levels left

rFire  . . .     SeeInvis .     a - +1 shortbow
rCold  . . .     Gourm    .     c - +0 leather armour
rNeg   . . .     Faith    .     (shield currently unavailable)
rPois  .         Spirit   .     (no helmet)
rElec  .         Reflect  .     (no cloak)
rCorr  .         Harm     .     l - +0 pair of gloves
MR     .....                    (no boots)
Stlth  ++........               (no amulet)
                                (no ring)
                                (no ring)

@: no status effects
A: no striking features
a: no special abilities


You were on level 2 of the Dungeon.
You were not hungry.

You visited 1 branch of the dungeon, and saw 2 of its levels.

You collected 128 gold pieces.

Inventory:

Hand Weapons
 a - a +1 shortbow (weapon)
 b - a +0 short sword
 e - a +0 dagger
 k - a +1 dagger of holy wrath
Missiles
 d - 3 arrows (quivered)
Armour
 c - a +0 leather armour (worn)
 l - a +0 pair of gloves (worn)
Scrolls
 h - a scroll of immolation {unknown}
 i - 3 scrolls of fog {unknown}
 j - 2 scrolls of teleportation {unknown}
 p - a scroll of recharging {unknown}
 r - a scroll of identify {unknown}
 v - a scroll of remove curse {unknown}
Potions
 g - a potion of haste {unknown}
 n - a potion of cure mutation {unknown}
 s - 2 potions of curing {unknown}
 t - a potion of degeneration {unknown}
Comestibles
 f - a bread ration
 m - 3 fruits
 o - a slice of pizza
 q - a meat ration


   Skills:
 + Level 2.7 Fighting
 + Level 5.7 Bows
 + Level 2.9 Dodging
 + Level 2.5 Stealth


You had 2 spell levels left.
You didn't know any spells.

Dungeon Overview and Level Annotations

Branches:
Dungeon (2/15)

Altars:

Annotations:
D:2 Sigmund


Message History

Sigmund gestures at you while chanting. The magic dart hits you!
Firing (i - inventory):
d - 6 arrows (quivered)
Press: ? - help, Shift-Dir - straight line, f/p - Sigmund
Aim: Sigmund, wielding a scythe, wearing a robe and carrying a wand of flame {zapped: 4} (severely wounded)
You shoot an arrow. The arrow closely misses Sigmund.
Firing (i - inventory):
d - 5 arrows (quivered)
Press: ? - help, Shift-Dir - straight line, f/p - Sigmund
Aim: Sigmund, wielding a scythe, wearing a robe and carrying a wand of flame {zapped: 4} (severely wounded)
You shoot an arrow. The arrow barely misses Sigmund.
Sigmund zaps a wand.
The puff of flame misses you.
Firing (i - inventory):
d - 4 arrows (quivered)
Press: ? - help, Shift-Dir - straight line, f/p - Sigmund
Aim: Sigmund, wielding a scythe, wearing a robe and carrying a wand of flame {zapped: 5} (severely wounded)
You shoot an arrow. The arrow barely misses Sigmund.
Sigmund gestures at you while chanting. The puff of flame hits you!
* * * LOW HITPOINT WARNING * * *
Sigmund zaps a wand.
The puff of flame hits you!
You die...

#.# #.......##.## ##. #.#
#..#....#.## ## #.# #.......##.##
##. #.# ###.....####.###.# #.#
#......######.#.## ##.##
#.#........###.###
#...###.#.#..###........ #######
#.......<.#..# #####.### ....(.#
#...###@##)..# #.### #####.#
##### #.#....# #.##. #.# #......#
##.... ####.#### ###...## #.....
#.......# #...# #..... #.##.##.#
#..(# #..#.. ## #....# #.@.#
##..#.# ..
###..#########...######......
...##............................


You could see Sigmund.

Vanquished Creatures
  A gnoll (D:1)
  A dart slug (D:1)
  A leopard gecko (D:1)
  A ball python (D:2)
  4 hobgoblins
  3 jackals (D:1)
  A quokka (D:2)
  9 bats
  3 frilled lizards
  7 goblins
  9 kobolds
  6 rats
46 creatures vanquished.

Notes
Turn   | Place    | Note
-------+----------+-------------------------------------------
     0 | D:1      | JNO the High Elf Hunter began the quest for the Orb.
     0 | D:1      | Reached XP level 1. HP: 14/14 MP: 2/2
   282 | D:1      | Reached XP level 2. HP: 13/19 MP: 3/3
  1015 | D:1      | Reached XP level 3. HP: 24/24 MP: 4/4
  2161 | D:2      | Noticed Sigmund
  2469 | D:2      | Killed from afar by Sigmund

Skill      XL: |  1  2 |
---------------+-------+-----
Stealth        | 2 |  2.5
Fighting       | |  2.7
Bows           | |  5.7
Dodging        | |  2.9

Action                   || total
-------------------------++-------
Melee: Short sword       ||   149
 Fire: Shortbow          ||    29
 Stab: Sleeping          ||     7
  Eat: Chunk             ||     4
       Bread ration      ||     1
Armor: Leather armour    ||    57
Dodge: Dodged            ||   123
